 Dungeon Crawl Stone Soup version 0.28.0-62-gf88900778d (webtiles) character file.

Game seed: 13130799338387603796

816 Froggeryz the Cutter (level 7, -5/50 HPs)
             Began as an Octopode Berserker on Jan 29, 2024.
             Was a Believer of Trog.
             Slain by a gnoll shaman
             ... wielding a +0 whip
              (8 damage)
             ... on level 5 of the Dungeon.
             The game lasted 00:03:35 (5516 turns).

Froggeryz the Cutter (Octopode Berserker)           Turns: 5516, Time: 00:03:35

Health: -5/50      AC:  1    Str: 17    XL:     7   Next: 94%
Magic:  7/7        EV: 13    Int:  9    God:    Trog [**....]
Gold:   167        SH:  0    Dex: 13    Spells: 6/6 levels left

rFire   . . .      SeeInvis +   v - +0 dagger (venom)
rCold   . . .      Faith    .   (no shield)
rNeg    . . .      Spirit   .   (helmet restricted)
rPois   .          Reflect  .   (no amulet)
rElec   .          Harm     .   r - ring of see invisible
rCorr   .          Rampage  .   n - ring of willpower
Will    +....                   (no ring)
Stlth   ++++......              (no ring)
HPRegen 0.16/turn               (no ring)
MPRegen 0.10/turn               (no ring)
                                (no ring)
                                (no ring)

@: no status effects
A: almost no armour, amphibious, 8 rings, camouflage 1, gelatinous body 1,
(nimble swimmer 1), tentacles
a: Renounce Religion, Berserk, Trog's Hand


You were on level 5 of the Dungeon.
You worshipped Trog.
Trog was pleased with you.
You visited 2 branches of the dungeon, and saw 6 of its levels.

You collected 167 gold pieces.

Inventory:

Hand Weapons
 a - a +0 short sword
 v - a +0 dagger of venom (weapon)
Missiles
 c - 8 boomerangs (quivered)
Jewellery
 n - a ring of willpower (right tentacle)
 r - a ring of see invisible (left tentacle)
Wands
 k - a wand of charming (12)
 m - a wand of digging (7)
Scrolls
 d - 2 scrolls of noise {unknown}
 e - 3 scrolls of identify {unknown}
 i - 2 scrolls of brand weapon {unknown}
 j - a scroll of immolation {unknown}
 o - a scroll of amnesia {unknown}
 p - a scroll of vulnerability {unknown}
 t - a scroll of enchant weapon {unknown}
 u - a scroll of blinking {unknown}
Potions
 b - 2 potions of mutation {unknown}
 f - a potion of curing
 g - 2 potions of magic {unknown}
 h - 2 potions of brilliance
 l - a potion of berserk rage {unknown}
 q - a potion of flight {unknown}
 s - a potion of might {unknown}
 w - a potion of invisibility {unknown}


   Skills:
 + Level 5.2 Fighting
 * Level 6.9 Short Blades
 - Level 3.0 Dodging
 + Level 5.6 Stealth


You had 6 spell levels left.
You didn't know any spells.
Your spell library was empty.

Dungeon Overview and Level Annotations

Branches:
Dungeon (5/15)             Temple (1/1) D:4

Altars:
Fedhas
Makhleb

Shops:
D:3 !


Innate Abilities, Weirdness & Mutations

You cannot wear most types of armour.
You are amphibious.
You can wear up to eight rings at the same time.
Your skin changes colour to match your surroundings (Stealth+).
Your rubbery body absorbs attacks. (AC +1, EV +1)
((You are camouflaged when in or above water. (Stealth+)))
You have tentacles for arms and can constrict up to eight enemies at once.


Message History

The gnoll hits you with a +0 flail! The gnoll shaman barely misses you.
You hit the gnoll shaman but do no damage.
You squeeze the gnoll shaman.
The gnoll shaman is lightly wounded.
You constrict the gnoll shaman, but do no damage.
The gnoll hits you with a +0 flail. The gnoll misses you.
You are too injured to fight recklessly!
You are too injured to fight recklessly!
You are too injured to fight recklessly!
You are too injured to fight recklessly!
You barely miss the gnoll. You grab the gnoll. You squeeze the gnoll!
The gnoll is severely wounded.
You constrict the gnoll shaman.
You constrict the gnoll, but do no damage.
The gnoll barely misses you. The gnoll shaman misses you.
The gnoll closely misses you.
You release your grip on the gnoll shaman.
You release your grip on the gnoll.
The gnoll shaman hits you with a +0 whip.
The gnoll hits you with a +0 flail!
* * * LOW HITPOINT WARNING * * *
You hit the gnoll.
The gnoll is poisoned.
Your grab misses the gnoll. You squeeze the gnoll.
You kill the gnoll!
Trog accepts your kill. The gnoll closely misses you.
The gnoll shaman hits you with a +0 whip.
* * * LOW HITPOINT WARNING * * *
The gnoll shaman calls upon its god to speed up the gnoll.
The gnoll seems to speed up.
It was a potion of curing.
You feel better.
The gnoll hits you from afar with a +0 halberd!
* * * LOW HITPOINT WARNING * * *
You feel better. The gnoll hits you with a +0 halberd.
* * * LOW HITPOINT WARNING * * *
The gnoll hits you with a +0 halberd.
* * * LOW HITPOINT WARNING * * *
The gnoll shaman hits you with a +0 whip!
You die...

#....# #####....# ### #.#
......... ..# #.# .......#
###.# #.# .......###.#.#
#.# .......#...#.#####.#
.......#.#.#.......#
.#.#.....#.#.####g.#
.#.#.)...#......@g)#
.#.#.[...#.......#.)......
.#.#.#..........##.######.
.#.........#########
.#....#...## .#.##.#..##
.#. #.#### .#. .# .# .#


You could see a gnoll shaman (very poisoned) and a gnoll (fast).

Vanquished Creatures
  Eustachio (D:3)
  Duvessa (D:5)
  A necrophage (D:4)
  Dowan (D:5)
  A jelly (D:5)
  2 orc priests (D:3)
  2 hounds (D:5)
  Ijyb (D:3)
  Natasha (thrice) (D:3)
  A hound skeleton (D:4)
  3 gnolls (D:5)
  4 adders
  A white imp (D:3)
  An adder skeleton (D:3)
  4 worms
  3 dart slugs
  7 orcs (D:3)
  4 endoplasms
  6 giant cockroaches
  10 goblins
  4 hobgoblins
  13 kobolds
  2 quokkas
  6 ball pythons
  8 bats
  3 frilled lizards
  4 rats
97 creatures vanquished.

Vanquished Creatures (others)
  5 plants (D:5)
5 creatures vanquished.

Grand Total: 102 creatures vanquished

Notes
Turn   | Place    | Note
-------+----------+-------------------------------------------
     0 | D:1      | Froggeryz the Octopode Berserker began the quest for the
                  | Orb.
     0 | D:1      | Reached XP level 1. HP: 16/16 MP: 1/1
   211 | D:1      | Reached XP level 2. HP: 12/21 MP: 2/2
   624 | D:1      | Reached skill level 1 in Stealth
   624 | D:1      | Reached XP level 3. HP: 13/26 MP: 3/3
  1017 | D:1      | Reached ** piety under Trog
  1392 | D:2      | Reached skill level 4 in Short Blades
  1811 | D:2      | Reached XP level 4. HP: 31/31 MP: 4/4
  2347 | D:3      | Reached XP level 5. HP: 11/37 MP: 5/5
  2640 | D:3      | Found a faded altar of an unknown god.
  2914 | D:3      | Noticed Natasha
  2923 | D:3      | Killed Natasha
  3049 | D:3      | Noticed Natasha
  3056 | D:3      | Killed Natasha
  3057 | D:3      | Reached skill level 5 in Short Blades
  3141 | D:3      | Found Dynon's Distillery.
  3346 | D:3      | Noticed Natasha
  3351 | D:3      | Killed Natasha
  3351 | D:3      | Reached *** piety under Trog
  3352 | D:3      | Reached XP level 6. HP: 43/43 MP: 6/6
  3395 | D:3      | Noticed Ijyb
  3398 | D:3      | Killed Ijyb
  3750 | D:4      | Noticed Eustachio
  4237 | D:3      | Killed Eustachio
  4238 | D:3      | Reached XP level 7. HP: 49/49 MP: 7/7
  4311 | D:4      | Found a staircase to the Ecumenical Temple.
  4338 | D:4      | Reached skill level 6 in Short Blades
  4861 | Temple   | Entered the Ecumenical Temple
  4892 | D:5      | Entered Level 5 of the Dungeon
  4928 | D:5      | Reached skill level 5 in Stealth
  5114 | D:5      | Reached skill level 5 in Fighting
  5299 | D:5      | Noticed Dowan
  5300 | D:5      | Noticed Duvessa
  5312 | D:5      | Killed Duvessa
  5313 | D:5      | Killed Dowan
  5516 | D:5      | Slain by a gnoll shaman

Illustrated notes

Levels and vault maps discovered:
D:1:      minmay_arrival_semitransparent, layout_loops_ring,
          minmay_split_cup_large
D:2:      layout_basic, kennysheep_potato
D:3:      layout_loops_ring, serial_shops, nicolae_shop_waterfront,
          shapermc_ecumenical_altar_ellora, chequers_serial_rivers_micro_d,
          uniq_ijyb, uniq_natasha
D:4:      cheibrodos_helix_gallery, layout_cave_pools,
          minmay_temple_entry_water_ring, kennysheep_small_spiral,
          uniq_eustachio
D:5:      layout_basic, kennysheep_donut, serial_bayou_ford_a,
          cheibrodos_gnoll_hut, uniq_duvessa
Temple:   mainiacjoe_temple_circle_huts

Skill      XL: |  1  2  3  4  5  6  7 |
---------------+----------------------+-----
Stealth        | 1 2 3 4 5 |  5.6
Short Blades   | 4 5 6 |  6.9
Fighting       | 4 5 |  5.2
Dodging        | |  3.0

Action                   |  1- 3 |  4- 6 |  7- 9 || total
-------------------------+-------+-------+-------++-------
Melee: Short sword       |    73 |   102 |    42 ||   217
       Constrict         |    21 |    22 |    12 ||    55
       Tentacles         |    13 |    22 |    17 ||    52
       Punch             |     2 |       |     1 ||     3
       Dagger            |       |       |    10 ||    10
Invok: Berserk           |       |     2 |     1 ||     3
       Trog's Hand       |       |       |     1 ||     1
  Use: Potion            |       |       |     2 ||     2
 Stab: Sleeping          |    11 |     9 |     2 ||    22
Armor: Skin              |     3 |     3 |     3 ||     9
Dodge: Dodged            |    43 |    60 |    38 ||   141
